Map: Ley Lines

Players

Vaisravana - Winner!

  • Race: Protoss Protoss
  • Spawn Location: 1:00

A.I. 2 (Very Easy)

  • Race: Protoss Protoss
  • Spawn Location: 7:00

VOD

Have the link to the VOD?

Description

Time

  • Played on: Aug. 14, 2025, 8:14 p.m.
  • Length: 7:40
Show
View Real Time Build Order
Export as new Build Order

Vaisravana Protoss - Winner!

Build Orders: Zealot Archon, Dark Templar Rush 

Get SALT Encoding   

  12  0:00  Probe  
  13  0:12  Probe  
  14  0:17  Pylon  
  14  0:24  Probe  
  15  0:32  Probe  
  15  0:37  Gateway  
  15  0:41  Probe  
  16  0:46  Assimilator  
  17  0:51  Probe  
  17  0:54  Assimilator  
  18  0:59  Probe  
  19  1:08  Probe  
  19  1:14  Gateway  
  19  1:18  Probe  
  21  1:26  Cybernetics Core  
  21  1:30  Probe  
  22  1:40  Pylon  
  22  1:42  Probe  
  23  1:58  Probe  
  24  2:03  Adept, Twilight Council  
  24  2:04  Warp Gate  
  26  2:08  Adept  
  28  2:19  Pylon  
  28  2:33  Adept  
  30  2:38  Adept  
  32  2:45  Dark Shrine  
  32  2:50  Pylon  
  32  2:56  Shield Battery  
  32  3:20  Pylon  
  32  3:45  Nexus  
  32  3:52  Stalker x2  
  32  3:55  Charge  
  36  4:08  Dark Templar  
  36  4:09  Dark Templar  
  40  4:17  Probe  
  41  4:29  Probe  
  42  4:41  Probe  
  42  4:43  Gateway  
  42  4:44  Gateway  
  43  4:53  Probe  
  43  4:55  Gateway  
  43  4:58  Gateway  
  44  5:01  Probe  
  45  5:08  Probe  
  46  5:15  Dark Templar x2  
  50  5:27  Archon  
  50  5:29  Probe x2  
  50  5:32  Pylon  
  52  5:41  Probe x2  
  54  5:46  Dark Templar x2  
  54  5:48  Zealot x2  
  62  5:58  Archon  
  62  6:02  Zealot  
  62  6:03  Zealot  
  66  6:08  Zealot x2  
  70  6:21  Zealot x2  
  70  6:25  Gateway, Zealot x2  
  78  6:32  Pylon  
  78  7:03  Zealot x4  
Show
View Real Time Build Order
Export as new Build Order

A.I. 2 (Very Easy) Protoss 

Build Orders:  

Get SALT Encoding   

  12  0:00  Probe  
  13  0:13  Probe  
  14  0:19  Pylon  
  14  0:37  Assimilator  
  14  0:43  Gateway  
  14  0:46  Pylon  
  14  1:13  Assimilator  
  14  1:23  Probe  
  14  1:29  Zealot  
  14  1:31  Probe  
  17  1:32  Cybernetics Core  
  17  1:39  Probe  
  19  1:50  Probe  
  20  2:00  Probe  
  20  2:08  Probe, Warp Gate  
  22  2:42  Stalker  
  24  4:11  Probe  
  23  4:39  Probe  
  22  4:50  Zealot  
  22  4:51  Probe  
  23  4:58  Pylon  
  23  5:03  Probe  
  20  5:18  Stalker  
  21  5:36  Probe  
  22  5:47  Zealot  
  24  6:16  Zealot  
  26  6:44  Stalker  
  20  6:55  Probe  
  20  6:57  Pylon  
Tags
 
Composition
Zealot Archon
Matchup
PvP
Spawn Locations
Cross Positions
Add a new tag
Caveats
  • Supply blocks, unpowered buildings, or Contaminate may cause inaccurate times.
  • Supply counts are checked every 10 seconds.